Map: Heavy Artillery LE

Players

Massa - Winner!

  • Race: Terran Terran
  • League: Gold
  • Spawn Location: 1:00

qqq - Winner!

  • Race: Zerg Zerg
  • League: Platinum
  • Spawn Location: 3:00

VOD

Have the link to the VOD?

Description

Time

  • Played on: July 31, 2020, 11:39 a.m.
  • Length: 12:02
Show
View Real Time Build Order
Export as new Build Order

Massa Terran - Winner!

Build Orders:  

Get SALT Encoding   

  12  0:02  SCV  
  13  0:19  SCV  
  14  0:25  Supply Depot  
  14  0:36  SCV  
  15  0:44  Refinery  
  15  0:55  SCV  
  16  1:03  Barracks  
  16  1:11  SCV  
  17  1:28  SCV  
  18  1:40  Supply Depot  
  18  1:45  SCV  
  19  2:00  Barracks  
  19  2:02  SCV  
  21  2:14  Reaper  
  21  2:21  Orbital Command  
  21  2:42  Refinery  
  21  2:52  Factory  
  21  2:55  Marine  
  22  3:04  SCV  
  22  3:08  Marine  
  24  3:21  Barracks Tech Lab  
  24  3:33  Marine  
  25  3:41  Unknown  
  25  4:00  Stimpack  
  25  4:02  Marauder  
  25  4:03  Marine  
  28  4:27  Factory Tech Lab  
  28  4:28  Marine  
  28  4:29  Command Center  
  29  4:32  Marauder  
  31  4:46  Unknown  
  31  5:02  Supply Depot  
  31  5:06  Supply Depot  
  31  5:10  Supply Depot  
  31  5:15  Engineering Bay  
  31  5:27  Barracks Reactor  
  31  5:32  Marauder, Siege Tank  
  31  5:39  SCV  
  36  5:56  SCV  
  37  6:02  Marauder  
  39  6:10  SCV  
  39  6:13  SCV  
  39  6:17  Siege Tank  
  39  6:20  Marine x2  
  44  6:27  SCV  
  47  6:30  SCV  
  48  6:40  Marauder  
  48  6:44  SCV, Marine  
  48  6:45  Marine  
  48  6:47  SCV  
  54  6:56  Starport  
  54  7:13  Unknown  
  54  7:16  Widow Mine  
  54  7:17  Marine  
  55  7:20  Marauder, Marine  
  60  7:36  Missile Turret  
  60  7:42  Marine  
  60  7:43  Orbital Command, Missile Turret  
  60  7:44  SCV  
  60  7:45  Marine  
  63  7:53  Marauder  
  65  8:01  SCV  
  65  8:05  Terran Infantry Weapons Level 1  
  66  8:18  SCV  
  67  8:22  Marine  
  67  8:23  Marauder  
  70  8:35  Supply Depot x2  
  70  8:36  Supply Depot  
  70  8:37  Supply Depot  
  70  8:59  Supply Depot  
  70  9:05  Marauder, Marine x2, Siege Tank  
  70  9:07  Concussive Shells  
  74  9:30  Marine  
  73  10:07  Marauder  
  75  10:10  Marine x2  
  75  10:13  Siege Tank  
  80  10:35  Marine x2  
  80  10:37  Marauder  
  84  10:42  Siege Tank x2  
  84  10:59  Marine  
  84  11:00  Marine  
  84  11:01  Siege Tank  
  84  11:07  Marauder  
  88  11:24  Marine  
  88  11:25  Marine  
Show
View Real Time Build Order
Export as new Build Order

qqq Zerg - Winner!

Build Orders:  

Get SALT Encoding   

  12  0:01  Drone  
  13  0:11  Drone  
  14  0:49  Hatchery  
  13  1:10  Spawning Pool  
  13  1:15  Drone  
  13  1:27  Overlord  
  13  1:33  Drone  
  13  1:39  Extractor  
  13  1:43  Drone  
  14  1:56  Drone  
  15  2:05  Drone  
  16  2:17  Drone  
  17  2:25  Queen  
  19  2:35  Queen  
  21  2:40  Drone  
  21  2:46  Drone  
  23  2:52  Drone  
  23  2:59  Drone  
  25  3:06  Drone  
  26  3:14  Drone  
  27  3:24  Drone  
  27  3:26  Roach Warren  
  27  3:40  Drone  
  27  3:43  Overlord  
  28  3:50  Extractor  
  28  3:54  Drone  
  28  3:58  Overlord  
  28  4:12  Drone x2  
  28  4:13  Drone  
  28  4:17  Drone  
  32  4:20  Drone  
  32  4:22  Lair  
  32  4:26  Roach  
  35  4:32  Drone  
  35  4:33  Drone  
  37  4:42  Roach  
  37  4:44  Drone  
  37  4:45  Drone  
  41  4:58  Drone x2  
  41  4:59  Drone  
  44  5:02  Overlord  
  44  5:12  Overlord  
  44  5:35  Roach x3  
  44  5:37  Roach x3  
  56  5:46  Glial Reconstitution  
  56  5:48  Roach x2  
  60  5:51  Overlord  
  60  5:56  Overlord  
  60  6:09  Overlord  
  62  6:20  Zergling x2  
  62  6:22  Roach  
  62  6:23  Roach x2  
  62  6:27  Roach  
  71  6:32  Drone  
  71  6:33  Drone, Extractor  
  71  6:39  Drone, Roach  
  75  6:40  Roach  
  75  6:43  Drone  
  75  6:48  Roach  
  80  7:03  Drone, Evolution Chamber  
  80  7:04  Evolution Chamber  
  44  7:10  Drone  
  79  7:16  Drone  
  79  7:17  Drone  
  82  7:23  Drone x2  
  84  7:36  Overlord  
  84  7:37  Overlord  
  84  7:38  Hatchery, Overlord  
  83  7:43  Zerg Missile Weapons Level 1  
  83  7:51  Zerg Ground Armor Level 1  
  83  8:01  Roach x3  
  83  8:03  Drone  
  89  8:13  Roach  
  89  8:15  Drone  
  87  8:33  Drone x2  
  87  8:34  Drone x2  
  87  8:35  Extractor, Roach x3  
  96  8:58  Roach x2  
  96  8:59  Roach  
  100  9:14  Hatchery  
  100  9:19  Roach  
  95  9:20  Roach x2  
  95  9:26  Drone  
  100  9:44  Roach x2  
  100  9:45  Roach  
  104  10:27  Roach x2  
  104  10:29  Overlord x4  
  106  10:54  Roach x2  
  106  10:55  Drone x2  
  106  10:56  Drone x2  
  112  11:19  Hatchery  
  109  11:23  Roach x2  
  109  11:24  Roach x2  
Tags
 
Add a new tag
Caveats
  • Supply blocks, unpowered buildings, or Contaminate may cause inaccurate times.
  • Supply counts are checked every 10 seconds.